 Dungeon Crawl Stone Soup version 0.24.1-14-gf8d2b509d9 (webtiles) character file.

Game seed: 8903205840519343762, levelgen mode: deterministic

3 theblackgale the Ruffian (level 1, 0/16 HPs)
             Began as a Draconian Transmuter on Jan 26, 2023.
             Slain by a kobold
             ... wielding a +0 club
              (2 damage)
             ... on level 1 of the Dungeon.
             The game lasted 00:01:59 (95 turns).

theblackgale the Ruffian (Draconian Transmuter)       Turns: 95, Time: 00:02:00

Health: 0/16       AC:  4    Str: 12    XL:     1   Next: 41%
Magic:  3/3        EV: 12    Int: 13    God:
Gold:   5          SH:  0    Dex: 11    Spells: 3/4 levels left

rFire    . . .     SeeInvis .     - Unarmed
rCold    . . .     Gourm    .   (no shield)
rNeg     . . .     Faith    .   (armour unavailable)
rPois    .         Spirit   .   (helmet restricted)
rElec    .         Reflect  .   (no cloak)
rCorr    .         Harm     .   (no gloves)
MR       .....                  (no boots)
Stlth    +.........             (no amulet)
HPRegen  0.05/turn              (no ring)
MPRegen  0.08/turn              (no ring)

@: no status effects
A: unfitting armour, cold-blooded, AC +4
a: no special abilities


You were on level 1 of the Dungeon.
You were not hungry.

You visited 1 branch of the dungeon, and saw 1 of its levels.

You collected 5 gold pieces.

Inventory:

Hand Weapons
 e - a +0 dagger
Missiles
 a - 12 arrows (quivered)
Armour
 d - a +0 ring mail
Scrolls
 b - a scroll of magic mapping
Comestibles
 c - a ration


   Skills:
 + Level 1.1 Fighting
 + Level 1.8 Dodging
 + Level 3.0 Unarmed Combat
 + Level 2.0 Spellcasting
 + Level 2.1 Transmutations


You had 3 spell levels left.
You knew the following spells:

 Your Spells              Type           Power        Failure   Level  Hunger
a - Beastly Appendage     Tmut           #.....       11%         1    ##.....

Your spell library contained the following spells:

 Spells                   Type           Power        Failure   Level  Hunger
 Sticks to Snakes         Tmut           #.......     16%         2    ###....
 Spider Form              Tmut/Pois      #.........   45%         3    ####...
 Ice Form                 Ice/Tmut       #.......     86%         4    #####..
 Blade Hands              Tmut           #.........   96%         5    ######.


Dungeon Overview and Level Annotations

Branches:
Dungeon (1/15)

Altars:


Innate Abilities, Weirdness & Mutations

Your plain brown scales are hard. (AC +4)
You cannot fit into any form of body armour.
You are cold-blooded and may be slowed by cold attacks.


Message History

The frilled lizard misses you. The hobgoblin barely misses you.
You hit the bat.
Your tail-slap misses the bat.
The bat is severely wounded.
The bat hits you but does no damage.
The bat is sucked into a shaft!
The shaft crumbles and collapses.
The goblin barely misses you. The kobold barely misses you.
The giant cockroach bites you but does no damage.
The frilled lizard closely misses you.
The hobgoblin hits you but does no damage.
You closely miss the giant cockroach. The goblin closely misses you.
The giant cockroach bites you.
* * * LOW HITPOINT WARNING * * *
The kobold hits you but does no damage. The frilled lizard barely misses you.
The hobgoblin closely misses you.
You hit the giant cockroach but do no damage.
The giant cockroach closely misses you. The goblin hits you.
* * * LOW HITPOINT WARNING * * *
The frilled lizard bites you but does no damage.
The kobold hits you with a +0 club.
You die...

.....#......,,*
####..##..#.#**
##.##.##..#########
#....#.....#.....## #*
#..##.............## .*
#..#...............# .##
#..#...............#
..###..#........lg.....#
#......#.......)@sb...$#
.......#.?......Kg.....#
.......................#
.#.....##.............##
.......###.....#.....##
###....# ####..#######
**#....# *.......*
,..##### #.......# ...*
#....$..#


You could see a giant cockroach, a hobgoblin, a goblin, a bat, a kobold and a
frilled lizard.

Vanquished Creatures
  A bat (D:1)
  A goblin (D:1)
  A rat (D:1)
3 creatures vanquished.

Notes
Turn   | Place    | Note
-------+----------+-------------------------------------------
     0 | D:1      | theblackgale the Draconian Transmuter began the quest for
                  | the Orb.
     0 | D:1      | Reached XP level 1. HP: 16/16 MP: 3/3
    95 | D:1      | Slain by a kobold

Levels and vault maps discovered:
D:1:      dpeg_arrival_erosion, layout_rooms, moated_statue, minivault_24

Action                   || total
-------------------------++-------
Melee: Unarmed           ||    13
       Tailslap          ||     1
  Use: Scroll            ||     1
Armor: Skin              ||    24
Dodge: Dodged            ||    65
